 Dungeon Crawl Stone Soup version 0.22-a0-278-g8f80174 (webtiles) character file.

763 tidbits the Insei (level 7, 0/53 HPs)
             Began as a Gnoll Transmuter on Mar 16, 2018.
             Was an Initiate of Cheibriados.
             Slain by a centaur (7 damage)
             ... on level 6 of the Dungeon.
             The game lasted 00:12:10 (1374 turns).

tidbits the Insei (Gnoll Transmuter)                Turns: 1374, Time: 00:12:10

Health: 0/53       AC:  2    Str: 13    XL:     7   Next: 81%
Magic:  12/15      EV: 24    Int: 19    God:    Cheibriados [......]
Gold:   145        SH:  0    Dex: 21    Spells: 2/17 levels left

rFire    + . .     SeeInvis .     - Unarmed
rCold    . . .     Gourm    .   (shield currently unavailable)
rNeg     . . .     Faith    .   (armour currently unavailable)
rPois    x         Spirit   .   (helmet currently unavailable)
rElec    .         Reflect  .   (cloak currently unavailable)
rCorr    .         Harm     .   (gloves currently unavailable)
MR       .....                  (boots currently unavailable)
Stlth    +++.......             (no amulet)
HPRegen  0.17/turn              W - ring of wizardry
MPRegen  0.14/turn              v - ring of protection from fire

@: spider-form (expiring), drained, very slow
A: tiny, distributed training, strong nose
a: End Transformation, Bend Time, Renounce Religion


You were on level 6 of the Dungeon.
You worshipped Cheibriados.
Cheibriados was noncommittal.
You were not hungry.
You were a venomous arachnid creature.
You visited 2 branches of the dungeon, and saw 7 of its levels.

You collected 145 gold pieces.

Inventory:

Hand Weapons
 e - a +0 dagger
 n - a +0 war axe
 p - a +1 dagger of freezing
   (You took it off an orc wizard on level 5 of the Dungeon)
 s - a cursed +0 whip
 u - the +0 whip of Lies {flame, rC+ Dex+3 SInv}
   (You found it on level 5 of the Dungeon)

   It has been specially enchanted to burn those struck by it, causing extra
   injury to most foes and up to half again as much damage against particularly
   susceptible opponents.
   It affects your dexterity (+3).
   It protects you from cold.
   It lets you see invisible.
 w - a +3 scimitar
 x - a +3 scimitar (melded)
Missiles
 a - 32 arrows
 b - 30 sling bullets
 g - 39 poisoned needles
 h - 7 poisoned javelins (quivered)
 j - 84 stones
 m - 9 bolts
 q - 2 exploding tomahawks
Armour
 l - a +3 leather armour
 B - a +0 robe (melded)
 E - a +2 hat (melded)
Jewellery
 v - a ring of protection from fire (right front leg)
   (You found it on level 5 of the Dungeon)
 W - a ring of wizardry (left front leg)
   (You found it on level 5 of the Dungeon)
Wands
 f - a wand of scattershot (3)
 y - a wand of disintegration (11)
Scrolls
 d - a scroll of amnesia
 k - a scroll of immolation
 r - 2 scrolls of remove curse
Potions
 o - 2 potions of lignification
 t - a potion of cancellation
Comestibles
 c - 7 rations


   Skills:
 + Level 3.7(3.6) Fighting
 + Level 2.6(2.5) Short Blades
 + Level 2.6(2.5) Long Blades
 + Level 2.6(2.5) Axes
 + Level 2.6(2.5) Maces & Flails
 + Level 2.6(2.5) Polearms
 + Level 2.6(2.5) Staves
 + Level 2.6(2.5) Slings
 + Level 2.6(2.5) Bows
 + Level 2.6(2.5) Crossbows
 + Level 2.6(2.5) Throwing
 + Level 2.6(2.5) Armour
 + Level 5.3(5.2) Dodging
 + Level 2.6(2.5) Stealth
 + Level 2.6(2.5) Shields
 + Level 7.1(6.9) Unarmed Combat
 + Level 5.7(5.5) Spellcasting
 + Level 2.1(2.0) Conjurations
 + Level 2.1(2.0) Hexes
 + Level 2.1(2.0) Charms
 + Level 2.1(2.0) Summonings
 + Level 2.1(2.0) Necromancy
 + Level 2.1(2.0) Translocations
 + Level 4.4(4.2) Transmutations
 + Level 2.1(2.0) Fire Magic
 + Level 2.1(2.0) Ice Magic
 + Level 2.1(2.0) Air Magic
 + Level 2.1(2.0) Earth Magic
 + Level 2.1(2.0) Poison Magic
 + Level 3.0(2.8) Invocations
 + Level 2.6(2.5) Evocations


You had 2 spell levels left.
You knew the following spells:

 Your Spells              Type           Power        Failure   Level  Hunger
e - Beastly Appendage     Tmut           ###...       3%          1    None
h - Blade Hands           Tmut           ###.......   38%         5    #####..
i - Ice Form              Ice/Tmut       ###.....     26%         4    ####...
k - Sticks to Snakes      Tmut           ###.....     4%          2    None
p - Spider Form           Tmut/Pois      ###.......   10%         3    ##.....


Dungeon Overview and Level Annotations

Branches:
Dungeon (6/15)             Temple (1/1) D:5

Altars:
Ashenzari
Cheibriados
Gozag
Makhleb
Nemelex Xobeh
Xom


Innate Abilities, Weirdness & Mutations

Your experience applies equally to all skills.
((You have very sharp teeth.))
Your uncanny sense of smell can sniff out nearby items.


Message History

There is a staircase to the Ecumenical Temple here.
Unknown command.
You see here a robe.
Found a scythe.
You are near starving!
You see here a wand of disintegration (11).
y - a wand of disintegration (11)
You eat one of the 8 rations.
That ration really hit the spot!
There is a stone staircase leading down here.
Okay, then.
As you read the scroll of identify, it crumbles to dust.
t - a potion of cancellation Wield which item (- for none, * to show all)? (? for menu, Esc to quit)
The +0 whip of Lies {flame, rC+ Dex+3 SInv} stops flaming.
w - a +3 scimitar (weapon)
Wield which item (- for none, * to show all)? (? for menu, Esc to quit)
x - a +3 scimitar (weapon)
You climb downwards.
A quokka, a worker ant, 2 centaurs and a crimson imp come into view.
There is a stone staircase leading up here.
The centaur shouts!
The crimson imp shouts!
The centaur shouts!
The centaur wields a shortbow.
The centaur shoots an arrow.
The arrow hits you! The centaur misses you. The worker ant barely misses you.
The centaur barely misses you. The worker ant barely misses you.
You riposte.
You closely miss the worker ant.
You climb upwards.
There is a stone staircase leading down here.
Unknown command.
Casting: Sticks to Snakes (safe; 1% risk of failure)
Confirm with . or Enter, or press ? or * to list all spells.
You turn into a venomous arachnid creature.
Your +3 scimitar melds into your body.
Your +2 hat melds into your body.
Your +0 robe melds into your body.
The worker ant bites you.
You completely miss the worker ant. The worker ant completely misses you.
You hit the worker ant.
The worker ant is poisoned.
The worker ant is lightly wounded.
The worker ant misses you.
You barely miss the worker ant.
The worker ant is heavily wounded.
The worker ant misses you.
You barely miss the worker ant.
The worker ant is severely wounded.
The worker ant closely misses you.
You closely miss the worker ant.
The worker ant is almost dead.
You kill the worker ant!
Cheibriados thoroughly appreciates the change of pace.
Your base Invocations skill increases to level 3!
You climb downwards.
The centaur wields a shortbow.
The centaur shoots an arrow.
The arrow misses you.
The centaur shoots an arrow.
The arrow barely misses you.
The arrow hits the quokka!
The quokka dies!
The crimson imp barely misses you. x2; The centaur shoots an arrow.
The arrow closely misses you.
The centaur shoots an arrow.
The arrow misses you.
There is a stone staircase leading up, spattered with blood here.
Unknown command.
You barely miss the crimson imp.
The centaur shoots an arrow.
The arrow hits you.
The centaur shoots an arrow.
The arrow closely misses you. The crimson imp barely misses you.
The centaur shoots an arrow.
The arrow hits you!
* * * LOW HITPOINT WARNING * * *
The centaur shoots an arrow.
The arrow closely misses you.
The arrow hits the crimson imp!
You see here an arrow.
The centaur unwields an uncursed shortbow.
The centaur completely misses you.
You hit the centaur but do no damage. The centaur hits you!
* * * LOW HITPOINT WARNING * * *
The crimson imp misses you. The centaur completely misses you.
Casting: Spider Form (safe; 10% risk of failure)
Confirm with . or Enter, or press ? or * to list all spells.
You create 2 snakes!
You now have 32 arrows.
The centaur barely misses you. The crimson imp misses you.
The centaur unwields an uncursed shortbow.
The centaur completely misses you.
You hit the centaur.
The centaur is poisoned.
The centaur is lightly wounded.
The centaur hits you.
* * * LOW HITPOINT WARNING * * *
The centaur misses you.
The crimson imp blinks!
The centaur misses you.
You bite the centaur!
The centaur looks even sicker.
The centaur is heavily wounded.
The centaur completely misses you. The centaur closely misses you.
Your ball python bites the crimson imp but does no damage.
Your ball python closely misses the crimson imp.
You hit the centaur but do no damage.
The centaur looks as sick as possible!
The centaur is heavily wounded.
The centaur hits you.
* * * LOW HITPOINT WARNING * * *
The centaur misses you.
Your water moccasin bites the crimson imp.
The centaur hits you!
* * * LOW HITPOINT WARNING * * *
The crimson imp blinks!
You bite the centaur!
The centaur looks as sick as possible!
The centaur is almost dead.
Your transformation is almost over.
The centaur barely misses you. The centaur hits you!
You die...

.# #.# ##.#
..## ∆
###...#
#...#.##
##♣c.....#
#cs§(....#
#5S.<.♣..#
#..S..(.#
....(♣§...##
.##.##...##
#. .###.
#### ##


You could see 2 centaurs, a crimson imp, a friendly water moccasin and a
friendly ball python.

Vanquished Creatures
  Duvessa (D:4)
  4 wights (D:5)
  An orc priest (D:4)
  2 hounds
  5 worker ants
  8 adders
  A dart slug (D:2)
  A leopard gecko (D:3)
  10 orcs
  2 bats
  5 giant cockroaches
  A goblin (D:2)
  4 hobgoblins
  2 kobolds (D:3)
  4 quokkas
  A frilled lizard (D:1)
  5 rats
57 creatures vanquished.

Vanquished Creatures (collateral kills)
  Grinder (D:3)
  Dowan (D:4)
  2 orc wizards (D:5)
  2 orcs (D:5)
  A rat (D:3)
7 creatures vanquished.

Vanquished Creatures (others)
  A quokka (D:6)
1 creature vanquished.

Grand Total: 65 creatures vanquished

Notes
Turn   | Place    | Note
-------+----------+-------------------------------------------
     0 | D:1      | tidbits the Gnoll Transmuter began the quest for the Orb.
     0 | D:1      | Reached XP level 1. HP: 17/17 MP: 6/6
   183 | D:2      | Reached XP level 2. HP: 13/23 MP: 7/7
   201 | D:2      | Learned a level 2 spell: Sticks to Snakes
   227 | D:2      | Reached XP level 3. HP: 11/28 MP: 5/9
   232 | D:2      | Learned a level 3 spell: Spider Form
   271 | D:2      | Reached skill level 5 in Spellcasting
   377 | D:2      | Reached skill level 1 in Invocations
   393 | D:2      | Found a burning altar of Makhleb.
   398 | D:2      | Reached skill level 1 in Short Blades
   398 | D:2      | Reached skill level 1 in Long Blades
   398 | D:2      | Reached skill level 1 in Axes
   398 | D:2      | Reached skill level 1 in Maces & Flails
   398 | D:2      | Reached skill level 1 in Polearms
   398 | D:2      | Reached skill level 1 in Staves
   398 | D:2      | Reached skill level 1 in Slings
   398 | D:2      | Reached skill level 1 in Bows
   398 | D:2      | Reached skill level 1 in Crossbows
   398 | D:2      | Reached skill level 1 in Throwing
   398 | D:2      | Reached skill level 1 in Armour
   398 | D:2      | Reached skill level 1 in Stealth
   398 | D:2      | Reached skill level 1 in Shields
   398 | D:2      | Reached skill level 1 in Evocations
   398 | D:2      | Reached XP level 4. HP: 32/34 MP: 3/11
   430 | D:3      | Noticed Grinder
   432 | D:3      | Paralysed by Grinder for 7 turns
   439 | D:3      | Killed Grinder
   439 | D:3      | Reached skill level 3 in Fighting
   439 | D:3      | Reached skill level 1 in Conjurations
   439 | D:3      | Reached skill level 1 in Hexes
   439 | D:3      | Reached skill level 1 in Charms
   439 | D:3      | Reached skill level 1 in Summonings
   439 | D:3      | Reached skill level 1 in Necromancy
   439 | D:3      | Reached skill level 1 in Translocations
   439 | D:3      | Reached skill level 4 in Transmutations
   439 | D:3      | Reached skill level 1 in Fire Magic
   439 | D:3      | Reached skill level 1 in Ice Magic
   439 | D:3      | Reached skill level 1 in Air Magic
   439 | D:3      | Reached skill level 1 in Earth Magic
   439 | D:3      | Reached skill level 1 in Poison Magic
   439 | D:3      | Reached XP level 5. HP: 41/41 MP: 1/12
   633 | D:4      | Reached skill level 2 in Invocations
   633 | D:4      | Reached XP level 6. HP: 37/47 MP: 4/13
   769 | D:5      | Entered Level 5 of the Dungeon
   802 | D:4      | Reached skill level 2 in Short Blades
   802 | D:4      | Reached skill level 2 in Long Blades
   802 | D:4      | Reached skill level 2 in Axes
   802 | D:4      | Reached skill level 2 in Maces & Flails
   802 | D:4      | Reached skill level 2 in Polearms
   802 | D:4      | Reached skill level 2 in Staves
   802 | D:4      | Reached skill level 2 in Slings
   802 | D:4      | Reached skill level 2 in Bows
   802 | D:4      | Reached skill level 2 in Crossbows
   802 | D:4      | Reached skill level 2 in Throwing
   802 | D:4      | Reached skill level 2 in Armour
   802 | D:4      | Reached skill level 5 in Dodging
   802 | D:4      | Reached skill level 2 in Stealth
   802 | D:4      | Reached skill level 2 in Shields
   802 | D:4      | Reached skill level 2 in Evocations
   944 | D:4      | Noticed Duvessa
   961 | D:4      | Killed Duvessa
   961 | D:4      | Reached XP level 7. HP: 14/52 MP: 7/15
   962 | D:4      | Noticed Dowan
   968 | D:4      | Killed Dowan
  1046 | D:4      | Reached skill level 7 in Unarmed Combat
  1088 | D:5      | Reached skill level 2 in Conjurations
  1088 | D:5      | Reached skill level 2 in Hexes
  1088 | D:5      | Reached skill level 2 in Charms
  1088 | D:5      | Reached skill level 2 in Summonings
  1088 | D:5      | Reached skill level 2 in Necromancy
  1088 | D:5      | Reached skill level 2 in Translocations
  1088 | D:5      | Reached skill level 2 in Fire Magic
  1088 | D:5      | Reached skill level 2 in Ice Magic
  1088 | D:5      | Reached skill level 2 in Air Magic
  1088 | D:5      | Reached skill level 2 in Earth Magic
  1088 | D:5      | Reached skill level 2 in Poison Magic
  1149 | D:5      | Got a bloodstained whip
  1150 | D:5      | Identified the +0 whip of Lies {flame, rC+ Dex+3 SInv} (You found it on level 5 of the Dungeon)
  1167 | D:5      | Learned a level 4 spell: Ice Form
  1173 | D:5      | Learned a level 5 spell: Blade Hands
  1205 | D:5      | Found a shattered altar of Ashenzari.
  1256 | D:5      | Found a staircase to the Ecumenical Temple.
  1266 | Temple   | Entered the Ecumenical Temple
  1299 | Temple   | Became a worshipper of Cheibriados the Contemplative
  1363 | D:5      | Reached skill level 3 in Invocations
  1374 | D:6      | Slain by a centaur

Vault maps used:
D:1:      lemuel_arrival_muddy, st_stairs_12, amethyst_killhole
D:2:      makhleb_heckhound_becter
D:3:      uniq_grinder, uniq_terence, uniq_crazy_yiuf_cottage
D:4:      hangedman_decor_opposing, kennysheep_generic_room_15, uniq_duvessa
D:5:      ashenzari_altar_1, temple_statues, first_ration, serial_shops,
          kennysheep_mini, uniq_blork_the_orc, uniq_ijyb
D:6:      elyvilon_altar_4, grunt_ministairs_1, kennysheep_another_room,
          small_statue_alley_b, nicolae_benzene_ring, kennysheep_generic_room_8
Temple:   dpeg_five_rooms_temple

Skill      XL: |  1  2  3  4  5  6  7 |
---------------+----------------------+-----
Spellcasting   | 5 |  5.7
Invocations    | 1 2 3 |  3.0
Short Blades   | 1 2 |  2.6
Long Blades    | 1 2 |  2.6
Axes           | 1 2 |  2.6
Maces & Flails | 1 2 |  2.6
Polearms       | 1 2 |  2.6
Staves         | 1 2 |  2.6
Slings         | 1 2 |  2.6
Bows           | 1 2 |  2.6
Crossbows      | 1 2 |  2.6
Throwing       | 1 2 |  2.6
Armour         | 1 2 |  2.6
Stealth        | 1 2 |  2.6
Shields        | 1 2 |  2.6
Evocations     | 1 2 |  2.6
Fighting       | 3 |  3.7
Conjurations   | 1 2 |  2.1
Hexes          | 1 2 |  2.1
Charms         | 1 2 |  2.1
Summonings     | 1 2 |  2.1
Necromancy     | 1 2 |  2.1
Translocations | 1 2 |  2.1
Transmutations | 4 |  4.4
Fire Magic     | 1 2 |  2.1
Ice Magic      | 1 2 |  2.1
Air Magic      | 1 2 |  2.1
Earth Magic    | 1 2 |  2.1
Poison Magic   | 1 2 |  2.1
Dodging        | 5 |  5.3
Unarmed Combat | 7 |  7.1

Action                   |  1- 3 |  4- 6 |  7- 9 || total
-------------------------+-------+-------+-------++-------
Melee: Unarmed           |    45 |    75 |    29 ||   149
       Headbutt          |     3 |       |       ||     3
       Punch             |     2 |       |     1 ||     3
       Bite              |     2 |       |     1 ||     3
 Cast: Beastly Appendage |     5 |       |       ||     5
       Sticks to Snakes  |     2 |     9 |     7 ||    18
       Spider Form       |     6 |    16 |     5 ||    27
       Blade Hands       |       |       |     1 ||     1
  Use: Scroll            |       |     4 |     2 ||     6
 Stab: Sleeping          |     1 |     2 |     2 ||     5
  Eat: Chunk             |       |     1 |     1 ||     2
       Ration            |       |       |     1 ||     1
Armor: Robe              |     3 |       |       ||     3
       Skin              |       |     5 |       ||     5
Dodge: Dodged            |    27 |    45 |    43 ||   115
       Rpst.: Scimitar   |       |       |     1 ||     1

Table legend:
 A = Spawn XP
 B = Non-spawn XP
 C = Spawn XP percentage of total XP
 D = Spawn monster count
 E = Non-spawn monster count
 F = Spawn count percentage of total count
 G = Total turns spent on level
                    A         B        C        D         E        F      G
               +---------+---------+-------+---------+---------+-------+---------
         Total |       0 |    1091 |   0.0 |       0 |      64 |   0.0 |  1374
               +---------+---------+-------+---------+---------+-------+---------
           D:1 |       0 |       6 |   0.0 |       0 |       4 |   0.0 |   147
           D:2 |       0 |      96 |   0.0 |       0 |      13 |   0.0 |   279
           D:3 |       0 |     208 |   0.0 |       0 |      17 |   0.0 |   199
           D:4 |       0 |     445 |   0.0 |       0 |      19 |   0.0 |   430
           D:5 |       0 |     336 |   0.0 |       0 |      11 |   0.0 |   241
               +---------+---------+-------+---------+---------+-------+---------

Table legend:
 A = Turns spent in this place as a percentage of turns spent in the entire game.
 B = Non-inter-level travel turns spent in this place as a percentage of non-inter-level travel turns spent in the entire game.
 C = Inter-level travel turns spent in this place as a percentage of turns spent in this place.
 D = Turns resting spent in this place as a percentage of non-inter-level travel turns spent in this place.
 E = Turns spent auto-exploring this place as a percentage of non-inter-level travel turns spent in this place.
 F = Non-inter-level travel turns spent in this place divided by the number of levels of this place that you've seen.
                   A       B       C       D       E      F
               +-------+-------+-------+-------+-------+----------------------
         Total | 100.0 | 100.0 |   3.1 |   0.0 |   0.0 | 190.1
       Dungeon |  95.3 |  97.4 |   1.0 |   0.0 |   0.0 | 216.0
        Temple |   4.7 |   2.6 |  46.2 |   0.0 |   0.0 |  35.0
               +-------+-------+-------+-------+-------+----------------------

Table legend:
 A = Kills in this place as a percentage of kills in entire the game.
 B = Kills by you in this place as a percentage of kills by you in the entire game.
 C = Kills by friends in this place as a percentage of kills by friends in the entire game.
 D = Other kills in this place as a percentage of other kills in the entire game.
 E = Experience gained in this place as a percentage of experience gained in the entire game.
 F = Experience gained in this place divided by the number of levels of this place that you have seen.
                   A       B       C       D       E      F
               +-------+-------+-------+-------+-------+----------------------
         Total | 100.0 | 100.0 | 100.0 |   N/A | 100.0 | 155.9
       Dungeon | 100.0 | 100.0 | 100.0 |   N/A | 100.0 | 181.8
               +-------+-------+-------+-------+-------+----------------------

Vault maps used:
D:1:      lemuel_arrival_muddy, st_stairs_12, amethyst_killhole
D:2:      makhleb_heckhound_becter
D:3:      uniq_grinder, uniq_terence, uniq_crazy_yiuf_cottage
D:4:      hangedman_decor_opposing, kennysheep_generic_room_15, uniq_duvessa
D:5:      ashenzari_altar_1, temple_statues, first_ration, serial_shops,
          kennysheep_mini, uniq_blork_the_orc, uniq_ijyb
D:6:      elyvilon_altar_4, grunt_ministairs_1, kennysheep_another_room,
          small_statue_alley_b, nicolae_benzene_ring, kennysheep_generic_room_8
Temple:   dpeg_five_rooms_temple
